 Dungeon Crawl Stone Soup version 0.25-a0-719-gde951dce62 (webtiles) character file.

Game seed: 8537849598656344809, levelgen mode: deterministic

2 kae the Ruffian (level 1, -8/16 HPs)
             Began as a Draconian Transmuter on Apr 6, 2020.
             Mangled by a hobgoblin
             ... wielding a +2 mace of protection
              (9 damage)
             ... on level 1 of the Dungeon.
             The game lasted 00:00:04 (51 turns).

kae the Ruffian (Draconian Transmuter)                Turns: 51, Time: 00:00:04

Health: -8/16      AC:  4    Str: 12    XL:     1   Next: 25%
Magic:  2/3        EV: 12    Int: 13    God:
Gold:   8          SH:  0    Dex: 11    Spells: 3/4 levels left

rFire    . . .     SeeInvis .     - Unarmed
rCold    . . .     Gourm    .   (no shield)
rNeg     . . .     Faith    .   (armour unavailable)
rPois    .         Spirit   .   (helmet restricted)
rElec    .         Reflect  .   (no cloak)
rCorr    .         Harm     .   (no gloves)
MR       .....                  (boots currently unavailable)
Stlth    +.........             (no amulet)
HPRegen  0.05/turn              (no ring)
MPRegen  0.08/turn              (no ring)

@: appendage (expiring)
A: unfitting armour, talons 3, cold-blooded, AC +4
a: End Transformation


You were on level 1 of the Dungeon.
You were not hungry.
You had grown temporary talons.
You visited 1 branch of the dungeon, and saw 1 of its levels.

You collected 8 gold pieces.

Inventory:

Missiles
 a - 28 arrows
Jewellery
 b - an uncursed amulet of the acrobat {unknown}
Comestibles
 c - a ration


   Skills:
 - Level 1.1 Fighting
 - Level 1.7 Dodging
 * Level 3.0 Unarmed Combat
 + Level 2.0 Spellcasting
 + Level 2.0 Transmutations


You had 3 spell levels left.
You knew the following spells:

 Your Spells              Type           Power        Failure   Level  Hunger
a - Beastly Appendage     Tmut           #.....       11%         1    ##.....

Your spell library contained the following spells:

 Spells                   Type           Power        Failure   Level  Hunger
 Sticks to Snakes         Tmut           #.......     17%         2    ###....
 Spider Form              Tmut/Pois      #.........   45%         3    ####...
 Ice Form                 Ice/Tmut       #.......     86%         4    #####..
 Blade Hands              Tmut           #.........   97%         5    ######.


Dungeon Overview and Level Annotations

Branches:
Dungeon (1/15)

Altars:


Innate Abilities, Weirdness & Mutations

Your plain brown scales are hard. (AC +4)
You cannot fit into any form of body armour.
You are cold-blooded and may be slowed by cold attacks.
You have claws for feet.


Message History

A jackal comes into view.
You closely miss the jackal.
The jackal is heavily wounded.
The jackal barks!
You hear an angry hiss.
The jackal bites you. The hobgoblin barely misses you. The jackal bites you.
Your magical contamination has completely faded away.
You closely miss the jackal.
The jackal is heavily wounded.
The jackal bites you.
* * * LOW HITPOINT WARNING * * *
The jackal barely misses you. The hobgoblin barely misses you.
The jackal bites you.
* * * LOW HITPOINT WARNING * * *
The jackal barely misses you.
You closely miss the jackal.
Your tail-slap misses the jackal.
The jackal is heavily wounded.
The jackal closely misses you. The jackal misses you.
The hobgoblin hits you with a +2 mace of protection!
Ouch! That really hurt!
You die...

####### ####.....#
..#####......#..
###
##......((#####.
..###...##....# ##
#h#h.###.(#..######
#@g.#...###....##.
#.h....## ##.<....
##..#### #....#.
#.## ######. #.# #.
..# ## #..# #.## #.


You could see 3 jackals and a hobgoblin.

Vanquished Creatures
  A goblin (D:1)
  A kobold (D:1)
2 creatures vanquished.

Notes
Turn   | Place    | Note
-------+----------+-------------------------------------------
     0 | D:1      | kae the Draconian Transmuter began the quest for the Orb.
     0 | D:1      | Reached XP level 1. HP: 16/16 MP: 3/3
    51 | D:1      | Mangled by a hobgoblin

Levels and vault maps discovered:
D:1:      dpeg_arrival_round_c, layout_loops_ring

Action                   || total
-------------------------++-------
Melee: Unarmed           ||    12
       Kick              ||     1
 Cast: Beastly Appendage ||     1
Armor: Skin              ||     4
Dodge: Dodged            ||    24

Table legend:
 A = Non-vault XP
 B = Vault XP
 C = Vault XP percentage of total XP
 D = Non-vault monster count
 E = Vault monster count
 F = Vault count percentage of total count
                 A         B        C        D         E       F
            +---------+---------+-------+---------+---------+-------
      Total |       3 |       0 |   0.0 |       2 |       0 |   0.0
            +---------+---------+-------+---------+---------+-------
        D:1 |       3 |       0 |   0.0 |       2 |       0 |   0.0
            +---------+---------+-------+---------+---------+-------
